 Dungeon Crawl Stone Soup version 0.25-a0-860-gf695395b5c (webtiles) character file.

Game seed: 6732070613521569237, levelgen mode: deterministic

62 DildoBatman the Conjurer (level 4, -2/30 HPs)
             Began as a Formicid Wizard on Apr 27, 2020.
             Slain by a worm (12 damage)
             ... on level 2 of the Dungeon.
             The game lasted 00:04:42 (1145 turns).

DildoBatman the Conjurer (Formicid Wizard)          Turns: 1145, Time: 00:04:42

Health: -2/30      AC:  4    Str: 12    XL:     4   Next: 28%
Magic:  4/8        EV: 12    Int: 18    God:
Gold:   82         SH:  0    Dex:  9    Spells: 2/9 levels left

rFire    . . .     SeeInvis +   e - +0 short sword
rCold    . . .     Gourm    .   (no shield)
rNeg     . . .     Faith    .   a - +0 robe
rPois    .         Spirit   .   (helmet unavailable)
rElec    .         Reflect  .   (no cloak)
rCorr    .         Harm     .   (no gloves)
MR       .....                  (no boots)
Stlth    ++........             (no amulet)
HPRegen  0.10/turn              i - +2 ring of protection
MPRegen  0.11/turn              (no ring)

@: no status effects
A: permanent stasis, dig shafts and tunnels, four strong arms, antennae 3
a: Dig, Shaft Self


You were on level 2 of the Dungeon.
You were not hungry.

You visited 1 branch of the dungeon, and saw 2 of its levels.

You collected 82 gold pieces.

Inventory:

Hand Weapons
 b - a +0 spear
 e - a +0 short sword (weapon)
Missiles
 k - 49 arrows
 l - 32 stones
 o - 15 poisoned darts (quivered)
 r - 2 javelins
Armour
 a - a +0 robe (worn)
 c - a +0 tower shield
 d - a +0 buckler
Jewellery
 i - a +2 ring of protection (left hand)
Scrolls
 h - a scroll of fog {unknown}
 j - 2 scrolls of remove curse {unknown}
 m - a scroll of fear {unknown}
 n - a scroll of teleportation {unknown}
Potions
 g - a potion of magic {unknown}
 p - a potion of haste {unknown}
 q - a potion of degeneration {unknown}
Comestibles
 f - 6 chunks of flesh
 v - a ration


   Skills:
 - Level 1.7 Dodging
 - Level 2.4 Stealth
 - Level 3.2 Spellcasting
 * Level 3.4 Conjurations
   Level 1.0 Summonings
   Level 0.8 Translocations


You had 2 spell levels left.
You knew the following spells:

 Your Spells              Type           Power        Failure   Level  Hunger
a - Conjure Flame         Conj/Fire      #.......     24%         3    ###....
c - Magic Dart            Conj           ###.         3%          1    None
e - Mephitic Cloud        Conj/Pois/Air  #.......     30%         3    ###....

Your spell library contained the following spells:

 Spells                   Type           Power        Failure   Level  Hunger
 Call Imp                 Summ           #.......     16%         2    ##.....
 Slow                     Hex            #.......     24%         2    ##.....
 Blink                    Tloc           Unusable     N/A         2    N/A

Dungeon Overview and Level Annotations

Branches:
Dungeon (2/15)

Altars:
Sif Muna


Innate Abilities, Weirdness & Mutations

You cannot be hasted, slowed, berserked, paralysed or teleported.
You can dig through walls and to a lower floor.
Your four strong arms can wield two-handed weapons with a shield.
You have a pair of large antennae on your head. (SInv)


Message History

g - Guard the area. f - Follow me.
Anything else - Cancel.
You shout for attention!
The worm bites you but does no damage. What are your orders? t - Shout!
Orders for allies: a - Attack new target. r - Retreat! s - Stop attacking. g - Guard the area. f - Follow me.
Anything else - Cancel.
You shout for attention!
What are your orders? t - Shout!
Orders for allies: a - Attack new target. r - Retreat! s - Stop attacking. g - Guard the area. f - Follow me.
Anything else - Cancel.
You shout for attention!
The worm bites you!
You die...

#.......########..#
#.......##........#
#.......##.......)#
#####.............#
######........#
#.......#.#..
#.#####.# # .
#...#.#{ #....@#
###...w....#
#####....# ###
....# #.# ..... #.#
.#.## #.# #.#
#####<# . #..g..#


You could see a worm.

Vanquished Creatures
  2 gnolls
  An ooze (D:2)
  A worm (D:1)
  2 dart slugs (D:1)
  2 leopard geckos (D:1)
  5 bats
  2 giant cockroaches (D:2)
  4 goblins
  2 hobgoblins
  6 kobolds
  3 frilled lizards
  A rat (D:2)
31 creatures vanquished.

Notes
Turn   | Place    | Note
-------+----------+-------------------------------------------
     0 | D:1      | DildoBatman the Formicid Wizard began the quest for the
                  | Orb.
     0 | D:1      | Reached XP level 1. HP: 13/13 MP: 4/4
    30 | D:1      | Reached skill level 1 in Conjurations
   210 | D:1      | Reached XP level 2. HP: 18/19 MP: 3/6
   476 | D:1      | Reached XP level 3. HP: 16/24 MP: 4/7
   481 | D:1      | Learned a level 3 spell: Conjure Flame
   485 | D:1      | Learned a level 3 spell: Mephitic Cloud
   739 | D:2      | Found a shimmering blue altar of Sif Muna.
  1080 | D:2      | Reached XP level 4. HP: 26/30 MP: 1/8
  1145 | D:2      | Slain by a worm

Levels and vault maps discovered:
D:1:      minmay_arrival_stone_box, layout_basic, minmay_misc_feat_doors
D:2:      cheibrodos_pilgrimage, layout_basic, nicolae_overflow_crystal_walls,
          minmay_tromino_v7, uniq_crazy_yiuf_cottage

Skill      XL: |  1  2  3 |
---------------+----------+-----
Conjurations   | 1 2 3 |  3.4
Dodging        | |  1.7
Stealth        | |  2.4
Spellcasting   | |  3.2
Summonings     | |  1.0
Translocations | |  0.8

Action                   |  1- 3 |  4- 6 || total
-------------------------+-------+-------++-------
Melee: Short sword       |    46 |     4 ||    50
Throw: Dart              |     7 |       ||     7
       Javelin           |     2 |       ||     2
 Cast: Magic Dart        |    58 |     1 ||    59
       Mephitic Cloud    |     3 |       ||     3
  Eat: Chunk             |     1 |       ||     1
Armor: Robe              |    14 |     3 ||    17
Dodge: Dodged            |    39 |     2 ||    41

Table legend:
 A = Non-vault XP
 B = Vault XP
 C = Vault XP percentage of total XP
 D = Non-vault monster count
 E = Vault monster count
 F = Vault count percentage of total count
                 A         B        C        D         E       F
            +---------+---------+-------+---------+---------+-------
      Total |      85 |       4 |   4.5 |      28 |       3 |   9.7
            +---------+---------+-------+---------+---------+-------
        D:1 |      49 |       0 |   0.0 |      16 |       0 |   0.0
        D:2 |      36 |       4 |  10.0 |      12 |       3 |  20.0
            +---------+---------+-------+---------+---------+-------
